 Dungeon Crawl Stone Soup version 0.27-a0-1185-ga233589e6f (webtiles) character file.

Game seed: 13785694729145527485

28 EnegeticOcto the Sneak (level 3, -1/19 HPs)
             Began as a Spriggan Delver on May 19, 2021.
             Slain by a hound (4 damage)
             ... on level 4 of the Dungeon.
             The game lasted 00:01:29 (194 turns).

EnegeticOcto the Sneak (Spriggan Delver)             Turns: 194, Time: 00:01:30

Health: -1/19      AC:  2    Str:  8    XL:     3   Next: 0%
Magic:  4/4        EV: 17    Int: 12    God:
Gold:   9          SH:  0    Dex: 16    Spells: 2/2 levels left

rFire    . . .     SeeInvis +   a - +0 short sword
rCold    . . .     Faith    .   (shield restricted)
rNeg     . . .     Spirit   .   b - +0 robe
rPois    .         Reflect  .   (helmet restricted)
rElec    .         Harm     .   (no cloak)
rCorr    .         Rampage  .   (gloves unavailable)
Will     .....                  (boots unavailable)
Stlth    ++++......             (no amulet)
HPRegen  0.06/turn              (no ring)
MPRegen  0.09/turn              (no ring)

@: very quick
A: very small, no large weapons, unfitting armour, see invisible, speed 3
a: no special abilities


You were on level 4 of the Dungeon.
You visited 1 branch of the dungeon, and saw 2 of its levels.

You collected 9 gold pieces.

Inventory:

Hand Weapons
 a - a +0 short sword (weapon)
Armour
 b - a +0 robe (worn)
Jewellery
 i - an amulet of guardian spirit
   (You found it on level 4 of the Dungeon)
Wands
 g - a wand of digging (3) {@v3}
Scrolls
 c - a scroll of fog {!r}
 d - a scroll of magic mapping {@r5 !r}
 e - a scroll of fear {!r}
 h - a scroll of amnesia {unknown}
 j - a scroll of identify {unknown}
Potions
 f - a potion of haste {@q4 !q}


   Skills:
 - Level 2.4 Fighting
 + Level 3.9 Short Blades
 - Level 2.6 Dodging
 - Level 7.2 Stealth


You had 2 spell levels left.
You didn't know any spells.
Your spell library contained the following spells:

 Spells                   Type           Power      Damage    Failure   Level
 Corona                   Hex            0%         N/A       32%         1
 Slow                     Hex            0%         N/A       45%         2
 Inner Flame              Hex/Fire       0%         N/A       69%         3
 Portal Projectile        Hex/Tloc       0%         N/A       69%         3
 Cause Fear               Hex            0%         N/A       97%         4
 Leda's Liquefaction      Hex/Erth       0%         N/A       97%         4


Dungeon Overview and Level Annotations

Branches:
Dungeon (5/15)
 Temple: D:4-7

Altars:


Innate Abilities, Weirdness & Mutations

You are very small and have problems with some larger weapons.
You are too small for most types of armour.
You have supernaturally acute eyesight. (SInv)
You cover ground extremely quickly. (Speed+++)


Message History

The water moccasin moves out of view.
You see here 17 sling bullets.
Found a scroll labelled ULENE AHAUTEE and 9 gold pieces.
Found a stone staircase leading up.
h - a scroll labelled ULENE AHAUTEE You now have 9 gold pieces.
Found 14 stones.
There is a stone staircase leading up here.
You climb upwards. 2 orcs and an orc wizard come into view.
Found a scroll labelled LISCHA ADICHIN and a glowing fluorescent amulet.
Found a stone staircase leading down.
There is a stone staircase leading down here.
The helpless orc wizard fails to defend itself.
You impale the orc wizard!!
You kill the orc wizard!
Your Short Blades skill increases to level 3!
You have reached level 2!
Found a papyrus book.
Things that are here:
a +0 dagger; a +0 robe The helpless orc fails to defend itself.
You impale the orc!!
You kill the orc!
You see here an amulet of guardian spirit.
i - an amulet of guardian spirit The orc closely misses you.
You barely miss the orc. The orc hits you with a +0 mace.
You hit the orc.
The orc is moderately wounded.
The orc barely misses you.
You hit the orc.
The orc is heavily wounded.
The orc barely misses you.
You hit the orc.
The orc is severely wounded.
The orc hits you with a +0 mace.
You are too injured to fight recklessly!
You are too injured to fight recklessly!
You barely miss the orc.
The orc is severely wounded.
The orc closely misses you.
You hit the orc.
You kill the orc!
You have reached level 3!
Your experience leads to an increase in your attributes!
Increase (s)trength, (i)ntelligence, or (d)exterity?
You feel clever.
Found a dagger.
You see here a +0 mace.
j - a scroll labelled LISCHA ADICHIN
Found a stone staircase leading down.
You pick up a book of Debilitation and begin reading...
You add the spells Corona, Slow, Inner Flame, Portal Projectile, Cause Fear and Leda's Liquefaction to your library.
There is a stone staircase leading down here.
There is a stone staircase leading down here.
An orc comes into view.
It is wielding a +2 short sword of holy wrath.
A hound comes into view.
Found 12 arrows.
There is a stone staircase leading down here.
You completely miss the hound. The hound closely misses you. x2
You closely miss the hound. The hound bites you.
You are too injured to fight recklessly!
You are too injured to fight recklessly!
You closely miss the hound. The hound closely misses you.
You hit the hound.
The hound is moderately wounded.
The hound bites you. x2
* * * LOW HITPOINT WARNING * * *
You hit the hound.
The hound is moderately wounded.
The hound barely misses you.
You hit the hound.
The hound is moderately wounded.
The hound barely misses you.
You barely miss the hound.
The hound is moderately wounded.
The hound bites you but does no damage. The hound misses you.
You completely miss the hound.
The hound is moderately wounded.
The hound bites you.
* * * LOW HITPOINT WARNING * * *
You barely miss the hound.
The hound is moderately wounded.
The hound closely misses you.
You hit the hound.
The hound is moderately wounded.
The hound bites you.
* * * LOW HITPOINT WARNING * * *
The hound completely misses you.
You hit the hound.
The hound is severely wounded.
The hound misses you.
You closely miss the hound.
The hound is severely wounded.
The hound closely misses you.
You hit the hound but do no damage.
The hound is severely wounded.
The hound misses you. The hound bites you.
You die...

....>......>###
...o....
#..#####....#
#...(... #..#
##...# #..# ..#
##.# ##...####..#
..# ##.#
##.........# .##
#.## #>.)......##
##.# .##
#.)..)....# #..#
## #.........##
##..# #
########..@###...#
##..h.....#
##......##
##...### #####


You could see a hound.

Vanquished Creatures
  An orc wizard (D:4)
  2 orcs (D:4)
3 creatures vanquished.

Notes
Turn   | Place    | Note
-------+----------+-------------------------------------------
     0 | D:5      | EnegeticOcto the Spriggan Delver began the quest for the
                  | Orb.
     0 | D:5      | Reached XP level 1. HP: 11/11 MP: 2/2
    34 | D:5      | Noticed a water moccasin
    92 | D:4      | Noticed an orc wizard
    93 | D:4      | Killed an orc wizard
    94 | D:4      | Reached skill level 3 in Short Blades
    94 | D:4      | Reached XP level 2. HP: 16/16 MP: 3/3
   105 | D:4      | Reached XP level 3. HP: 12/19 MP: 4/4
   194 | D:4      | Slain by a hound

Illustrated notes

Levels and vault maps discovered:
D:4:      layout_layer_cave, minmay_temple_entry_hall
D:5:      layout_cave_pools, abandoned_shop, patterned_corridor

Skill      XL: |  1 |
---------------+----+-----
Short Blades   | 3 |  3.9
Fighting       | |  2.4
Dodging        | |  2.6
Stealth        | |  7.2

Action                   || total
-------------------------++-------
Melee: Short sword       ||    21
 Stab: Sleeping          ||     2
Armor: Robe              ||     1
Dodge: Dodged            ||    15

Table legend: (Time is in decaauts)
 A = Elapsed time spent in this place.
 B = Non-inter-level travel time spent in this place.
 C = Inter-level travel time spent in this place.
 D = Time resting spent in this place.
 E = Time spent auto-exploring this place.
 F = Levels seen in this place.
 G = Mean time per level.
                   A        B        C        D        E       F      G
               +--------+--------+--------+--------+--------+-----+--------+
         Total |    126 |    126 |      0 |      0 |      0 |   2 |   63.0 |
       Dungeon |    126 |    126 |      0 |      0 |      0 |   2 |   63.0 |
               +--------+--------+--------+--------+--------+-----+--------+

Top non-repeatable levels by time:
     D:4: 70 daAuts
     D:5: 56 daAuts
